 Dungeon Crawl Stone Soup version 0.29.1-12-g30fa7ad0bf (webtiles) character file.

Game seed: 7079972847275451092

14 themna the Slasher (level 2, 0/24 HPs)
             Began as a Human Cinder Acolyte on Jan 18, 2023.
             Was a High Priest of Ignis.
             Slain by a kobold
             ... wielding a +0 whip
              (4 damage)
             ... on level 1 of the Dungeon.
             The game lasted 00:02:51 (185 turns).

themna the Slasher (Human Cinder Acolyte)            Turns: 185, Time: 00:02:51

Health: 0/24       AC:  2    Str: 14    XL:     2   Next: 55%
Magic:  3/3        EV: 11    Int: 14    God:    Ignis [*****.]
Gold:   14         SH:  0    Dex:  8    Spells: 3/3 levels left

rFire   + . .      SeeInvis .   a - -1 falchion (flame)
rCold   . . .      Faith    .   (no shield)
rNeg    . . .      Spirit   .   b - +0 robe
rPois   .          Reflect  .   (no helmet)
rElec   .          Harm     .   (no cloak)
rCorr   .          Rampage  .   (no gloves)
Will    .....                   (no boots)
Stlth   +.........              (no amulet)
HPRegen 0.08/turn               (no ring)
MPRegen 0.08/turn               (no ring)

@: no status effects
A: no striking features
a: Renounce Religion, Fiery Armour, Foxfire Swarm, Rising Flame


You were on level 1 of the Dungeon.
You worshipped Ignis.
Ignis was extremely pleased with you.
You visited 1 branch of the dungeon, and saw 1 of its levels.

You collected 14 gold pieces.

Inventory:

Hand Weapons
 a - a -1 falchion of flaming (weapon)
Missiles
 d - 2 throwing nets (quivered)
Armour
 b - a +0 robe (worn)
Scrolls
 c - a scroll of enchant armour {unknown}
 e - a scroll of noise {unknown}


   Skills:
 + Level 3.2 Fighting
 + Level 3.3 Long Blades
 + Level 1.0 Spellcasting
 + Level 3.1 Fire Magic


You had 3 spell levels left.
You didn't know any spells.
Your spell library contained the following spells:

 Spells                   Type           Power      Damage    Failure   Level
 Scorch                   Fire           18%        2d6       11%         2


Dungeon Overview and Level Annotations

Branches:
Dungeon (1/15)

Altars:


Message History

Your foxfire dissipates!
Your foxfire dissipates! x2
You see here a +0 robe.
You see here a +0 mace.
You see here a +0 mace.
You see here a +0 robe.
There is a stone staircase leading down here.
Unknown command.
Found 18 gold pieces.
A rat comes into view.
You hit the rat. You burn the rat.
You kill the rat!
You see here a rat corpse.
A frilled lizard comes into view.
You see here 18 gold pieces.
A goblin and a hobgoblin come into view.
The goblin shouts!
The hobgoblin shouts!
You hear a shout!
The frilled lizard bites you.
* * * LOW HITPOINT WARNING * * *
You hit the frilled lizard. You burn the frilled lizard.
You kill the frilled lizard!
A goblin comes into view. It is wielding a +0 dagger.
You see here a frilled lizard corpse.
You hit the hobgoblin but do no damage. The hobgoblin barely misses you.
You hit the hobgoblin. You burn the hobgoblin.
You kill the hobgoblin!
A kobold comes into view. It is wielding a +0 whip.
You hit the goblin. You burn the goblin.
You kill the goblin!
You see here a +0 club.
You are too injured to fight recklessly!
There are monsters nearby!
Setting a skill training target for Throwing at 6.0.
You hit the goblin. You burn the goblin.
You kill the goblin!
You barely miss the kobold. The kobold hits you but does no damage.
You closely miss the kobold. The kobold hits you with a +0 whip.
* * * LOW HITPOINT WARNING * * *
You closely miss the kobold. The kobold hits you with a +0 whip.
You die...

.. #.# ..... # .#.. .. ...
...##.. #+# ..... ....
#..#####.# ......# .....
#..K@....# ####......
.....####.####......?.....#
..........†....# .........#
........$#####.##... #....#
.......†.#####.#..####§...#
####.....#.....#.###.§....#
###.......................
...............#v####....#
####...........#v####..###


You could see a kobold.

Vanquished Creatures
  A dart slug (D:1)
  3 ball pythons (D:1)
  A giant cockroach (D:1)
  2 goblins (D:1)
  A hobgoblin (D:1)
  A frilled lizard (D:1)
  A rat (D:1)
10 creatures vanquished.

Vanquished Creatures (others)
  5 foxfires (D:1)
5 creatures vanquished.

Grand Total: 15 creatures vanquished

Notes
Turn   | Place    | Note
-------+----------+-------------------------------------------
     0 | D:1      | themna the Human Cinder Acolyte began the quest for the
                  | Orb.
     0 | D:1      | Reached XP level 1. HP: 18/18 MP: 2/2
   128 | D:1      | Reached XP level 2. HP: 3/24 MP: 3/3
   185 | D:1      | Slain by a kobold

Illustrated notes

Levels and vault maps discovered:
D:1:      saegor_arrival_simple_b, layout_basic,
          dreamdust_ecumenical_altar_grove

Action                   || total
-------------------------++-------
Melee: Falchion          ||    30
Invok: Foxfire Swarm     ||     1
Armor: Robe              ||     7
Dodge: Dodged            ||    15
